Map: Cosmic Sapphire

Players

MeomaikA

  • Race: Zerg Zerg
  • Spawn Location: 11:00

trigger - Winner!

  • Race: Protoss Protoss
  • Spawn Location: 5:00

Event: DreamHack SC2 Masters 2022 Atlanta (Offline)

VOD

Have the link to the VOD?

Description

Time

  • Played on: Nov. 18, 2022, 5:15 p.m.
  • Length: 6:37

All games in this series

Show
View Real Time Build Order
Export as new Build Order

MeomaikA Zerg 

Build Orders: Pool First 

Get SALT Encoding   

  12  0:00  Drone  
  13  0:12  Overlord  
  13  0:17  Drone  
  14  0:30  Drone  
  14  0:31  Drone  
  14  0:35  Drone  
  17  0:45  Spawning Pool  
  17  0:48  Drone  
  17  1:08  Hatchery  
  17  1:10  Drone  
  17  1:12  Extractor  
  17  1:15  Drone  
  17  1:21  Drone  
  18  1:31  Zergling x2  
  18  1:32  Queen  
  21  1:39  Drone  
  22  1:49  Overlord  
  22  2:08  Queen, Drone  
  25  2:11  Drone  
  26  2:15  Metabolic Boost  
  26  2:20  Queen, Drone  
  29  2:24  Drone  
  30  2:31  Drone  
  31  2:37  Roach Warren  
  31  2:39  Drone  
  31  2:44  Drone  
  32  2:46  Overlord  
  32  2:57  Drone x2  
  33  3:02  Drone x3  
  36  3:13  Zergling x2, Hatchery  
  36  3:14  Zergling x2  
  36  3:16  Drone  
  36  3:18  Drone  
  39  3:20  Drone  
  39  3:25  Zergling x4  
  42  3:27  Drone  
  40  3:38  Drone x3  
  40  3:39  Drone  
  42  3:44  Drone  
  42  3:45  Drone  
  44  3:49  Overlord  
  44  3:56  Baneling Nest  
  44  3:57  Overlord  
  44  3:58  Drone  
  44  4:05  Lair  
  43  4:11  Drone x3  
  43  4:14  Extractor  
  43  4:15  Drone x3  
  48  4:17  Zergling x2  
  48  4:18  Zergling x2  
  48  4:20  Zergling x2  
  51  4:25  Overlord  
  51  4:26  Zergling x2  
  51  4:27  Zergling x2  
  51  4:29  Zergling x2  
  54  4:32  Zergling x2  
  54  4:34  Overlord  
  54  4:36  Zergling x2  
  54  4:37  Zergling x2  
  57  4:38  Zergling x2  
  57  4:47  Zergling x4, Overlord  
  57  4:48  Zergling x2  
  57  4:49  Drone x2  
  60  4:58  Drone x2  
  60  4:59  Drone, Overlord  
  63  5:00  Zergling x2  
  63  5:01  Drone  
  63  5:04  Hydralisk Den  
  63  5:06  Overseer  
  64  5:10  Overlord  
  64  5:18  Zergling x10  
  67  5:22  Zergling x4  
  67  5:24  Zergling x2  
  67  5:26  Zergling x2  
  67  5:27  Zergling x6  
  67  5:28  Zergling x2  
  75  5:30  Zergling x2  
  75  5:35  Zergling x2  
  75  5:36  Zergling x2  
  75  5:37  Zergling x2  
  69  5:44  Hydralisk  
  69  5:45  Hydralisk x2  
  69  5:46  Zergling x4  
  69  5:48  Zergling x2  
  73  5:56  Overlord  
  73  5:57  Overlord  
  69  6:12  Hatchery  
  69  6:13  Overlord  
  62  6:18  Zergling x2  
  62  6:19  Zergling x4  
Show
View Real Time Build Order
Export as new Build Order

trigger Protoss - Winner!

Build Orders: 1 Gate Expand, Blink Stalkers 

Get SALT Encoding   

  12  0:00  Probe  
  13  0:12  Probe  
  14  0:19  Pylon  
  14  0:24  Probe  
  15  0:38  Probe (Chrono Boost), Gateway  
  16  0:47  Probe (Chrono Boost), Assimilator  
  17  0:52  Probe  
  18  1:04  Probe  
  19  1:16  Probe  
  20  1:23  Nexus  
  20  1:32  Cybernetics Core  
  20  1:35  Probe  
  21  1:40  Assimilator  
  21  1:48  Probe  
  21  1:50  Pylon  
  22  2:00  Probe  
  23  2:06  Adept (Chrono Boost)  
  23  2:09  Warp Gate  
  23  2:12  Probe  
  25  2:23  Twilight Council  
  25  2:24  Probe (Chrono Boost)  
  25  2:29  Adept  
  28  2:35  Probe (Chrono Boost)  
  29  2:39  Probe (Chrono Boost)  
  29  2:40  Probe (Chrono Boost)  
  31  2:44  Gateway  
  31  2:49  Probe (Chrono Boost)  
  33  2:59  Adept  
  33  3:01  Probe x2 (Chrono Boost)  
  36  3:08  Gateway  
  36  3:09  Probe (Chrono Boost)  
  36  3:10  Probe (Chrono Boost), Pylon  
  38  3:15  Blink (Chrono Boost)  
  39  3:24  Probe (Chrono Boost)  
  39  3:26  Probe (Chrono Boost)  
  40  3:33  Probe (Chrono Boost)  
  42  3:34  Probe (Chrono Boost)  
  42  3:42  Probe  
  42  3:43  Pylon  
  42  3:44  Probe  
  42  3:49  Gateway  
  42  3:50  Robotics Facility  
  42  3:55  Probe  
  43  3:59  Stalker x2  
  43  4:02  Probe  
  48  4:04  Pylon  
  48  4:11  Stalker  
  48  4:15  Probe, Assimilator  
  48  4:16  Gateway  
  51  4:23  Stalker  
  53  4:25  Stalker  
  53  4:26  Probe  
  56  4:32  Gateway  
  56  4:38  Assimilator  
  56  4:39  Stalker  
  56  4:45  Warp Prism (Chrono Boost)  
  58  4:50  Stalker  
  58  4:53  Stalker  
  60  5:00  Stalker, Pylon  
  60  5:05  Stalker  
  64  5:14  Stalker x2  
  68  5:28  Pylon  
  68  5:33  Stalker x3  
  72  5:43  Stalker x2  
  72  5:44  Stalker  
  78  5:51  Pylon  
  78  6:01  Stalker x3  
  84  6:05  Probe  
  84  6:06  Probe, Pylon  
  86  6:13  Observer  
  87  6:25  Stalker x4  
  93  6:30  Stalker  
Tags
 
Add a new tag
Caveats
  • Supply blocks, unpowered buildings, or Contaminate may cause inaccurate times.
  • Supply counts are checked every 10 seconds.